 Dungeon Crawl Stone Soup version 0.27.1-2-g3b301248ec (webtiles) character file.

Game seed: 8971821757921621339

3045 Rickety the Destroyer (level 9, -11/66 HPs)
             Began as a Gnoll Conjurer on Sept 28, 2021.
             Mangled by a two-headed ogre (19 damage)
             ... on level 6 of the Dungeon.
             The game lasted 00:13:08 (7168 turns).

Rickety the Destroyer (Gnoll Conjurer)              Turns: 7168, Time: 00:13:09

Health: -11/66     AC:  5    Str:  7    XL:     9   Next: 87%
Magic:  0/19       EV: 14    Int: 20    God:
Gold:   338        SH:  0    Dex: 11    Spells: 18/21 levels left

rFire    . . .     SeeInvis .   k - +0 spear
rCold    + . .     Faith    .   (no shield)
rNeg     . . .     Spirit   .   a - +0 robe
rPois    .         Reflect  .   j - +1 helmet
rElec    .         Harm     .   (no cloak)
rCorr    .         Rampage  .   b - +0 pair of gloves
Will     .....                  (no boots)
Stlth    +++.......             (no amulet)
HPRegen  0.21/turn              d - ring of protection from cold
MPRegen  0.16/turn              e - ring of flight

@: flying
A: fangs 1, strong nose, distributed training
a: no special abilities


You were on level 6 of the Dungeon.
You visited 2 branches of the dungeon, and saw 7 of its levels.

You collected 338 gold pieces.

Inventory:

Hand Weapons
 k - a +0 spear (weapon)
Missiles
 o - 19 poisoned darts
 y - a throwing net
Armour
 a - a +0 robe (worn)
 b - a +0 pair of gloves (worn)
 j - a +1 helmet (worn)
 D - a +0 buckler
Magical Staves
 n - a staff of cold
Jewellery
 d - a ring of protection from cold (left hand)
 e - a ring of flight (right hand)
 p - a ring of fire
 F - a ring of fire
Wands
 t - a wand of charming (10)
 A - a wand of polymorph (6)
 E - a wand of paralysis (12)
Scrolls
 c - 3 scrolls of teleportation {unknown}
 h - 7 scrolls of identify {unknown}
 i - a scroll of torment {unknown}
 m - a scroll of fog {unknown}
 r - 3 scrolls of enchant armour {unknown}
 u - 3 scrolls of immolation {unknown}
 x - a scroll of blinking {unknown}
 z - 2 scrolls of noise {unknown}
 B - a scroll of brand weapon {unknown}
 C - a scroll of acquirement {unknown}
 H - a scroll of magic mapping {unknown}
Potions
 f - 5 potions of curing {unknown}
 g - 2 potions of brilliance {unknown}
 l - 2 potions of might {unknown}
 q - a potion of attraction {unknown}
 s - 3 potions of mutation {unknown}
 v - 2 potions of resistance {unknown}
 w - a potion of cancellation {unknown}
 G - a potion of magic {unknown}


   Skills:
 + Level 4.6 Fighting
 + Level 4.6 Short Blades
 + Level 4.6 Long Blades
 + Level 4.6 Axes
 + Level 4.6 Maces & Flails
 + Level 4.6 Polearms
 + Level 4.6 Staves
 + Level 4.6 Slings
 + Level 4.6 Bows
 + Level 4.6 Crossbows
 + Level 4.6 Throwing
 + Level 4.6 Armour
 + Level 6.6 Dodging
 + Level 6.3 Stealth
 + Level 4.6 Shields
 + Level 4.6 Unarmed Combat
 + Level 6.9 Spellcasting
 + Level 8.2 Conjurations
 + Level 3.8 Hexes
 + Level 3.8 Summonings
 + Level 3.8 Necromancy
 + Level 3.8 Translocations
 + Level 3.8 Transmutations
 + Level 3.8 Fire Magic
 + Level 3.8 Ice Magic
 + Level 3.8 Air Magic
 + Level 3.8 Earth Magic
 + Level 3.8 Poison Magic
 + Level 5.1 Invocations
 + Level 4.6 Evocations


You had 18 spell levels left.
You knew the following spells:

 Your Spells              Type           Power      Damage    Failure   Level
a - Magic Dart            Conj           100%       1d8       1%          1
r - Searing Ray           Conj           78%        3d6       1%          2

Your spell library contained the following spells:

 Spells                   Type           Power      Damage    Failure   Level
 Animate Skeleton         Necr           44%        N/A       1%          1
 Apportation              Tloc           44%        N/A       1%          1
 Corona                   Hex            24%        N/A       1%          1
 Summon Small Mammal      Summ           88%        N/A       1%          1
 Dazzling Flash           Conj/Hex       62%        N/A       2%          3
 Stone Arrow              Conj/Erth      62%        3d10      2%          3
 Fulminant Prism          Conj/Hex       15%        3d11      8%          4
 Iskenderun's Mystic Bla  Conj/Tloc      31%        2d8       8%          4
 Animate Armour           Summ/Erth      44%        N/A       19%         4
 Lehudib's Crystal Spear  Conj/Erth      15%        10d5      100%        8


Dungeon Overview and Level Annotations

Branches:
Dungeon (6/15)             Temple (1/1) D:5

Altars:
Ashenzari
Cheibriados
Dithmenos
Elyvilon
Gozag
Hepliaklqana
Kikubaaqudgha
Makhleb
Nemelex Xobeh
Okawaru
Qazlal
Sif Muna
Trog
Uskayaw
Wu Jian
Xom
Yredelemnul
Zin
The Shining One

Shops:
D:2 =

Annotations:
D:6 4 runed translucent doors


Innate Abilities, Weirdness & Mutations

You have very sharp teeth.
Your uncanny sense of smell can sniff out nearby items.
Your experience applies equally to all skills.


Message History

The iguana bites you.
The searing ray hits the iguana.
You kill the iguana!
You start resting.
A two-headed ogre comes into view.
It is wielding a +0 giant club and a +0 giant spiked club.
Casting: Searing Ray (safe; 1% risk of failure)
Confirm with . or Enter, or press ? or * to list all spells.
Aiming: Searing Ray (safe; 1% risk of failure)
Press: ? - help, Shift-Dir - straight line, f - two-headed ogre
Aim: a two-headed ogre, wielding a +0 giant club and a +0 giant spiked club (wandering, hasn't noticed you, 91% to hit)
The searing ray hits the two-headed ogre!
The two-headed ogre is lightly wounded.
The two-headed ogre shouts in stereo! (Press . to maintain the ray.)
The two-headed ogre barely misses you.
The two-headed ogre completely misses you.
The searing ray hits the two-headed ogre!
The two-headed ogre is moderately wounded.
The two-headed ogre hits you with a +0 giant club.
The two-headed ogre barely misses you.
The searing ray hits the two-headed ogre!
The two-headed ogre is heavily wounded.
The searing ray misses the two-headed ogre.
You finish channeling your searing ray.
The two-headed ogre hits you with a +0 giant club!
The two-headed ogre misses you.
Casting: Searing Ray (safe; 1% risk of failure)
Confirm with . or Enter, or press ? or * to list all spells.
Aiming: Searing Ray (safe; 1% risk of failure)
Press: ? - help, Shift-Dir - straight line, f/p - two-headed ogre
Aim: a two-headed ogre, wielding a +0 giant club and a +0 giant spiked club (heavily wounded, 91% to hit)
The searing ray hits the two-headed ogre!
The two-headed ogre is severely wounded. (Press . to maintain the ray.)
The two-headed ogre hits you with a +0 giant club.
The two-headed ogre hits you with a +0 giant spiked club!!
* * * LOW HITPOINT WARNING * * *
Without enough magic to sustain it, your searing ray dissipates.
The two-headed ogre hits you with a +0 giant club!!
You die...

#...### #......#
#.#...#####.###..###
#.#................## ###
#...######..######..##########..
#..##).÷.#### ##..........#..
#..#.###..# ∆ #.########.#..
#..#.#.##.# #.# #.###
#..#.##.#.# ### #.# ###....
#..#.#.##)# ∆##@# #.# #......
#.÷##...### #.#O##.# #.####.
#...###'# #'###..# #...##.
#.......######.....#########.###
##.....##8[?8##............#.#
####..#8....8#.#####......#.#
#..+.....D+.# #.######.#
#..+....!9+.# #.# #.#
#..#8....8#.# #.# #.#


You could see a two-headed ogre.

Vanquished Creatures
  2 two-headed ogres (D:6)
  A water moccasin (D:6)
  A sky beast (D:6)
  5 ogres
  A phantom (D:5)
  A kobold brigand (D:4)
  A gnoll sergeant (D:6)
  3 scorpions (D:6)
  3 wights (D:6)
  A centaur skeleton (D:6)
  2 hounds
  2 jellies (D:4)
  An orc priest (D:5)
  2 bullfrog skeletons
  3 iguanas (D:6)
  3 orc wizards
  Terence (D:2)
  Robin (D:2)
  3 gnolls (D:2)
  2 howler monkey skeletons
  5 adders
  A worm (D:2)
  A dart slug (D:2)
  13 orcs
  6 ball pythons
  5 endoplasms
  A giant cockroach (D:4)
  19 goblins
  7 hobgoblins
  3 jackals (D:3)
  3 quokkas
  8 bats
  5 frilled lizards
  9 kobolds
  2 rats
127 creatures vanquished.

Vanquished Creatures (others)
  10 plants (D:4)
10 creatures vanquished.

Grand Total: 137 creatures vanquished

Notes
Turn   | Place    | Note
-------+----------+-------------------------------------------
     0 | D:1      | Rickety the Gnoll Conjurer began the quest for the Orb.
     0 | D:1      | Reached XP level 1. HP: 13/13 MP: 6/6
    79 | D:1      | Found a faded altar of an unknown god.
   217 | D:1      | Reached XP level 2. HP: 19/19 MP: 5/7
   220 | D:1      | Learned a level 2 spell: Searing Ray
  1061 | D:2      | Reached skill level 5 in Spellcasting
  1061 | D:2      | Reached XP level 3. HP: 25/25 MP: 4/9
  1360 | D:2      | Noticed Robin
  1363 | D:2      | Killed Robin
  1364 | D:2      | Reached skill level 1 in Invocations
  1376 | D:2      | Reached skill level 1 in Fighting
  1376 | D:2      | Reached skill level 1 in Short Blades
  1376 | D:2      | Reached skill level 1 in Long Blades
  1376 | D:2      | Reached skill level 1 in Axes
  1376 | D:2      | Reached skill level 1 in Maces & Flails
  1376 | D:2      | Reached skill level 1 in Polearms
  1376 | D:2      | Reached skill level 1 in Staves
  1376 | D:2      | Reached skill level 1 in Slings
  1376 | D:2      | Reached skill level 1 in Bows
  1376 | D:2      | Reached skill level 1 in Crossbows
  1376 | D:2      | Reached skill level 1 in Throwing
  1376 | D:2      | Reached skill level 1 in Armour
  1376 | D:2      | Reached skill level 1 in Shields
  1376 | D:2      | Reached skill level 1 in Unarmed Combat
  1376 | D:2      | Reached skill level 1 in Evocations
  1580 | D:2      | Reached XP level 4. HP: 32/32 MP: 8/11
  1617 | D:2      | Noticed Terence
  1625 | D:2      | Killed Terence
  1879 | D:2      | Reached skill level 1 in Hexes
  1879 | D:2      | Reached skill level 1 in Summonings
  1879 | D:2      | Reached skill level 1 in Necromancy
  1879 | D:2      | Reached skill level 1 in Translocations
  1879 | D:2      | Reached skill level 1 in Transmutations
  1879 | D:2      | Reached skill level 1 in Fire Magic
  1879 | D:2      | Reached skill level 1 in Ice Magic
  1879 | D:2      | Reached skill level 1 in Air Magic
  1879 | D:2      | Reached skill level 1 in Earth Magic
  1879 | D:2      | Reached skill level 1 in Poison Magic
  2123 | D:2      | Found Goxan's Jewellery Emporium.
  2128 | D:2      | Reached XP level 5. HP: 37/37 MP: 7/12
  2903 | D:3      | Found a hazy altar of Hepliaklqana.
  3105 | D:3      | Found a glowing golden altar of the Shining One.
  3108 | D:3      | Noticed an angel
  3160 | D:3      | Found a basalt altar of Yredelemnul.
  3765 | D:4      | Noticed an ogre
  3769 | D:4      | Killed an ogre
  3770 | D:4      | Reached XP level 6. HP: 44/44 MP: 7/13
  3884 | D:4      | Found a shadowy altar of Dithmenos.
  3890 | D:4      | Reached skill level 5 in Dodging
  4003 | D:4      | Reached XP level 7. HP: 37/50 MP: 7/15
  4640 | D:5      | Entered Level 5 of the Dungeon
  4894 | D:5      | Reached skill level 5 in Stealth
  5164 | D:5      | Found a stormy altar of Qazlal.
  5263 | D:5      | Found a broken altar of Ashenzari.
  5267 | D:5      | Saw a vision of the Shoals and the Snake Pit.
  5267 | D:5      | Noticed a sea snake
  5267 | D:5      | Noticed a wind drake
  5267 | D:5      | Noticed a wind drake
  5267 | D:5      | Noticed a salamander
  5267 | D:5      | Noticed a merfolk
  5267 | D:5      | Noticed a sea snake
  5267 | D:5      | Noticed a naga mage
  5267 | D:5      | Noticed a naga
  5267 | D:5      | Noticed a merfolk
  5267 | D:5      | Noticed a black mamba
  5267 | D:5      | Noticed a merfolk
  5268 | D:5      | Noticed a wind drake
  5269 | D:5      | Noticed a naga
  5401 | D:5      | Reached XP level 8. HP: 57/57 MP: 9/16
  5541 | D:5      | Found a staircase to the Ecumenical Temple.
  5550 | Temple   | Entered the Ecumenical Temple
  6134 | D:6      | Noticed a two-headed ogre
  6152 | D:6      | HP: 2/58 [two-headed ogre (10)]
  6153 | D:6      | Killed a two-headed ogre
  6154 | D:6      | Reached XP level 9. HP: 3/65 MP: 5/18
  6531 | D:6      | Found a large runed translucent door.
  6563 | D:6      | Found a large runed translucent door.
  6567 | D:6      | Noticed a gargoyle
  6570 | D:6      | Noticed an eight-headed hydra
  6662 | D:6      | Noticed a two-headed ogre
  6671 | D:6      | Killed a two-headed ogre
  6672 | D:6      | Reached skill level 8 in Conjurations
  6672 | D:6      | Reached skill level 5 in Invocations
  6915 | D:6      | Identified the +8 demon whip of Callousness {elec, *Corrode
                  | rF+ Str+2}
  6937 | D:6      | Found a large runed translucent door.
  6937 | D:6      | Found a large runed translucent door.
  7162 | D:6      | Noticed a two-headed ogre
  7168 | D:6      | Mangled by a two-headed ogre

Illustrated notes

Levels and vault maps discovered:
D:1:      co_arrival_random_square_maze, layout_basic,
          dreamdust_ecumenical_altar_hidden_monk_grotto, minivault_5
D:2:      layout_basic, serial_shops, nicolae_shop_statue_plus,
          minmay_misc_feat_rows, interstate_on_off, small_statue_intersection,
          uniq_robin, uniq_terence
D:3:      layout_loops_ring, grunt_temple_overflow_holy_war,
          lemuel_doored_altar, ebering_dispersal_statue_hall,
          kennysheep_generic_room_6
D:4:      layout_rooms, nicolae_dithmenos_the_darkroom, lexackson_kobold_supper
D:5:      layout_cave_pools, grunt_qazlal_clouds, grunt_ashenzari_visionary
          [grunt_ashenzari_visionary_shoals, grunt_ashenzari_visionary_snake],
          lemuel_temple_firewalk_b
D:6:      layout_basic, minmay_hollow_rounded_squares
Temple:   dshaligram_water_room_temple

Skill      XL: |  1  2  3  4  5  6  7  8  9 |
---------------+----------------------------+-----
Spellcasting   | 5 6 |  6.9
Invocations    | 1 2 3 4 5 |  5.1
Fighting       | 1 2 4 |  4.6
Short Blades   | 1 2 4 |  4.6
Long Blades    | 1 2 4 |  4.6
Axes           | 1 2 4 |  4.6
Maces & Flails | 1 2 4 |  4.6
Polearms       | 1 2 4 |  4.6
Staves         | 1 2 4 |  4.6
Slings         | 1 2 4 |  4.6
Bows           | 1 2 4 |  4.6
Crossbows      | 1 2 4 |  4.6
Throwing       | 1 2 4 |  4.6
Armour         | 1 2 4 |  4.6
Shields        | 1 2 4 |  4.6
Unarmed Combat | 1 2 4 |  4.6
Evocations     | 1 2 4 |  4.6
Hexes          | 1 2 3 |  3.8
Summonings     | 1 2 3 |  3.8
Necromancy     | 1 2 3 |  3.8
Translocations | 1 2 3 |  3.8
Transmutations | 1 2 3 |  3.8
Fire Magic     | 1 2 3 |  3.8
Ice Magic      | 1 2 3 |  3.8
Air Magic      | 1 2 3 |  3.8
Earth Magic    | 1 2 3 |  3.8
Poison Magic   | 1 2 3 |  3.8
Dodging        | 5 6 |  6.6
Stealth        | 5 6 |  6.3
Conjurations   | 8 |  8.2

Action                   |  1- 3 |  4- 6 |  7- 9 || total
-------------------------+-------+-------+-------++-------
Melee: Spear             |       |     1 |    16 ||    17
       Unarmed           |       |       |     7 ||     7
       Bite              |       |       |     4 ||     4
       Punch             |       |       |     1 ||     1
 Cast: Magic Dart        |    36 |    64 |    59 ||   159
       Searing Ray       |     6 |    12 |    33 ||    51
Armor: Robe              |     2 |     4 |     7 ||    13
Dodge: Dodged            |     2 |    10 |    36 ||    48
